 Dungeon Sprint DCSS version 0.27-a0-1228-gfd60fd639a (webtiles) character file.

Game seed: 9606451068607887465

539 night the Grappler (level 7, -5/66 HPs)
             Began as a Troll Fighter on June 7, 2021.
             Was an Initiate of Gozag.
             Slain by a boulder beetle (28 damage)
             ... in the Dungeon (Sprint IX: "|||||||||||||||||||||||||||||").
             The game lasted 00:02:08 (204 turns).

night the Grappler (Troll Fighter)                   Turns: 204, Time: 00:02:09

Health: -5/66      AC:  7    Str: 25    XL:     7   Next: 5%
Magic:  6/6        EV:  9    Int:  9    God:    Gozag
Gold:   342        SH: 10    Dex:  9    Spells: 6/6 levels left

rFire    . . .     SeeInvis .     - Unarmed
rCold    . . .     Faith    .   b - +0 kite shield
rNeg     . . .     Spirit   .   a - +0 robe
rPois    .         Reflect  .   (helmet restricted)
rElec    .         Harm     .   l - +0 cloak
rCorr    .         Rampage  .   (gloves unavailable)
Will     .....     NoTele   +   (boots unavailable)
Stlth    +.........             (no amulet)
HPRegen  1.21/turn              m - +2 ring of protection
MPRegen  0.10/turn              n - +3 ring of intelligence

@: gold aura, very slightly contaminated, invisible
A: large, unfitting armour, claws 3, regeneration 1, shaggy fur 1, tough skin 1
a: Renounce Religion, Potion Petition, Call Merchant, Bribe Branch


You were in the Dungeon.
You worshipped Gozag.
Gozag was aware of your devotion.
You visited 1 branch You collected 342 gold pieces.

Inventory:

Armour
 a - a +0 robe (worn)
 b - a +0 kite shield (worn)
 l - a +0 cloak (worn)
Jewellery
 m - a +2 ring of protection (left claw)
 n - a +3 ring of intelligence (right claw)
Wands
 k - a wand of iceblast (10)
Scrolls
 i - 2 scrolls of blinking
 j - 2 scrolls of amnesia
Potions
 c - a potion of might
 d - 5 potions of curing
 e - 2 potions of heal wounds
 f - a potion of haste
 g - 4 potions of magic


   Skills:
 - Level 2.4 Fighting
 - Level 2.4 Dodging
 + Level 7.8 Shields
 * Level 12.2 Unarmed Combat


You had 6 spell levels left.
You didn't know any spells.
Your spell library was empty.

Dungeon Overview and Level Annotations

Branches:
Dungeon (1/1)

Altars:
Cheibriados
Dithmenos
Elyvilon
Fedhas
Gozag
Hepliaklqana
Kikubaaqudgha
Makhleb
Nemelex Xobeh
Okawaru
Qazlal
Ru
Sif Muna
Trog
Uskayaw
Vehumet
Wu Jian
Xom
Yredelemnul
Zin
The Shining One
Beogh
Jiyva
Lugonu


Innate Abilities, Weirdness & Mutations

You are too large for most types of armour.
You have claws for hands.
Your natural rate of healing is unusually fast.
You are covered in fur. (AC +1)
You have tough skin. (AC +1)


Message History

You scratch the boulder beetle but do no damage.
The boulder beetle bites you!!
You claw the boulder beetle!
The boulder beetle is lightly wounded.
The centaur warrior is no longer distracted by gold.
The boulder beetle bites you!
The centaur warrior is distracted by your dazzling golden aura, dreaming of imaginary riches.
The centaur warrior shouts!
You claw the boulder beetle!
The boulder beetle is moderately wounded.
The centaur warrior is no longer distracted by gold.
You block the boulder beetle's attack.
The tengu conjurer gestures wildly while chanting.
The tengu conjurer blinks!
You mangle the boulder beetle!!
The boulder beetle is severely wounded.
The boulder beetle bites you!!
* * * LOW HITPOINT WARNING * * *
Okay, then.
You feel much better.
The tengu conjurer is distracted by your dazzling golden aura, dreaming of imaginary riches.
The boulder beetle bites you!
You fade into invisibility!
The centaur warrior wields a +0 shortbow.
The centaur warrior shoots an arrow.
The arrow completely misses the centaur warrior.
The arrow hits the boulder beetle but does no damage.
The centaur warrior is distracted by your dazzling golden aura, dreaming of imaginary riches.
The centaur warrior wields a +0 shortbow.
The centaur warrior shoots an arrow.
The arrow hits the boulder beetle.
The boulder beetle barely misses you.
The centaur warrior is distracted by your dazzling golden aura, dreaming of imaginary riches.
The tengu conjurer shouts!
You are very lightly contaminated with residual magic.
You scratch the boulder beetle.
The boulder beetle is severely wounded.
The centaur warrior is distracted by your dazzling golden aura, dreaming of imaginary riches.
The boulder beetle bites you!!
You die...
Your body crumbles into a pile of gold.

▓.▓
▓.▓
▓Q▓
▓c▓
▓c▓
▓c▓
▓B▓
$
▓@▓
$
▓.▓
$ $
▓.▓
$
▓)▓
$
▓)▓
▓)▓
$
▓'▓
▓.▓
$
▓.▓


You could see a boulder beetle, 3 centaur warriors and a tengu conjurer.

Vanquished Creatures
  A vampire mosquito (D)
  A black bear (D)
  An orc warrior (D)
  A kobold brigand (D)
  2 scorpions (D)
  An iguana (D)
  An orc wizard (D)
  2 adder zombies (D)
  A dart slug (D)
  2 endoplasms (D)
  A jackal (D)
  A quokka (D)
  A ball python zombie (D)
  A bat (D)
17 creatures vanquished.

Notes
Turn   | Place    | Note
-------+----------+-------------------------------------------
     0 | D        | night the Troll Fighter began the quest for the Orb.
     0 | D        | Reached XP level 1. HP: 22/22 MP: 0/0
    13 | D        | Reached skill level 3 in Unarmed Combat
    32 | D        | Noticed a scorpion
    32 | D        | Noticed a scorpion
    32 | D        | Noticed an iguana
    32 | D        | Noticed a black bear
    35 | D        | Killed a black bear
    36 | D        | Reached skill level 7 in Unarmed Combat
    36 | D        | Reached XP level 2. HP: 29/29 MP: 1/1
    36 | D        | Reached XP level 3. HP: 36/36 MP: 2/2
    36 | D        | Reached XP level 4. HP: 44/44 MP: 3/3
    39 | D        | Reached skill level 5 in Shields
    39 | D        | Reached skill level 8 in Unarmed Combat
    40 | D        | Killed a scorpion
    41 | D        | Reached skill level 9 in Unarmed Combat
    41 | D        | Reached XP level 5. HP: 50/50 MP: 4/4
    45 | D        | Reached skill level 10 in Unarmed Combat
    93 | D        | Found a snail-covered altar of Cheibriados.
    93 | D        | Found a shadowy altar of Dithmenos.
    93 | D        | Found a white marble altar of Elyvilon.
    93 | D        | Found a blossoming altar of Fedhas.
    93 | D        | Found an opulent altar of Gozag.
    94 | D        | Found a hazy altar of Hepliaklqana.
    95 | D        | Found a viscous altar of Jiyva.
    96 | D        | Found an ancient bone altar of Kikubaaqudgha.
    97 | D        | Found a corrupted altar of Lugonu.
    98 | D        | Found a burning altar of Makhleb.
    99 | D        | Found a sparkling altar of Nemelex Xobeh.
   100 | D        | Found an iron altar of Okawaru.
   101 | D        | Became a worshipper of Gozag Ym Sagoz the Greedy
   102 | D        | Found a stormy altar of Qazlal.
   103 | D        | Found a sacrificial altar of Ru.
   104 | D        | Found a shimmering blue altar of Sif Muna.
   105 | D        | Found a bloodstained altar of Trog.
   106 | D        | Found a hide-covered altar of Uskayaw.
   107 | D        | Found a radiant altar of Vehumet.
   108 | D        | Found an ornate altar of the Wu Jian Council.
   109 | D        | Found a shimmering altar of Xom.
   110 | D        | Found a basalt altar of Yredelemnul.
   111 | D        | Found a glowing silver altar of Zin.
   112 | D        | Found a glowing golden altar of the Shining One.
   143 | D        | Noticed an orc warrior
   161 | D        | Reached XP level 6. HP: 49/59 MP: 5/5
   165 | D        | Killed an orc warrior
   166 | D        | Reached skill level 11 in Unarmed Combat
   194 | D        | Noticed a centaur warrior
   194 | D        | Noticed a centaur warrior
   194 | D        | Noticed a tengu conjurer
   194 | D        | Noticed a centaur warrior
   194 | D        | Noticed a boulder beetle
   194 | D        | Noticed a vampire mosquito
   196 | D        | Killed a vampire mosquito
   197 | D        | Reached skill level 12 in Unarmed Combat
   197 | D        | Reached XP level 7. HP: 66/66 MP: 6/6
   201 | D        | HP: 9/66 [boulder beetle (20)]
   204 | D        | Slain by a boulder beetle

Illustrated notes

Levels and vault maps discovered:
D:        linesprint [early_d, line_temple, items_1, d_10, items_2, lair_1,
          lair_end, items_3, orc_1, orc_end, items_4, d_15, swamp_1, shoals_1,
          snake_1, spider_1, d_20, vaults_1, items_5, swamp_end, shoals_end,
          snake_end, spider_end, vaults_end, d_27, items_6, zot_1, zot_end,
          crypt_end, forest_end, elf_end, slime_end, tomb_end, abyss_end,
          pan_hell_end]

Skill      XL: |  1  2  3  4  5  6 |
---------------+-------------------+-----
Unarmed Combat | 7 9 10 12 | 12.2
Shields        | 4 5 6 7 |  7.8
Fighting       | |  2.4
Dodging        | |  2.4

Action                   |  1- 3 |  4- 6 |  7- 9 || total
-------------------------+-------+-------+-------++-------
Melee: Unarmed           |    24 |    33 |     6 ||    63
  Use: Potion            |     1 |       |     2 ||     3
Armor: Robe              |     5 |     4 |       ||     9
Dodge: Dodged            |    12 |     7 |     1 ||    20
Block: Kite shield       |     9 |     4 |     1 ||    14

Table legend: (Time is in decaauts)
 A = Elapsed time spent in this place.
 B = Non-inter-level travel time spent in this place.
 C = Inter-level travel time spent in this place.
 D = Time resting spent in this place.
 E = Time spent auto-exploring this place.
 F = Levels seen in this place.
 G = Mean time per level.
                   A        B        C        D        E       F      G
               +--------+--------+--------+--------+--------+-----+--------+
         Total |    211 |    211 |      0 |     63 |      3 |   1 |  211.0 |
       Dungeon |    211 |    211 |      0 |     63 |      3 |   1 |  211.0 |
               +--------+--------+--------+--------+--------+-----+--------+

Top non-repeatable levels by time:
       D: 211 daAuts
